 Dungeon Crawl Stone Soup version 0.25-a0-294-gea9b1ad378 (webtiles) character file.

Game seed: 10486870510402227274, levelgen mode: classic

25 Borgoz the Skirmisher (level 3, 0/23 HPs)
             Began as a Gargoyle Monk on Dec 18, 2019.
             Slain by a kobold
             ... wielding a +0 short sword
              (2 damage)
             ... on level 1 of the Dungeon.
             The game lasted 00:00:49 (636 turns).

Borgoz the Skirmisher (Gargoyle Monk)                Turns: 636, Time: 00:00:50

Health: 0/23       AC:  5    Str: 14    XL:     3   Next: 6%
Magic:  3/3        EV: 13    Int: 10    God:
Gold:   64         SH:  0    Dex: 13    Spells: 2/2 levels left

rFire    . . .     SeeInvis .   a - +0 mace
rCold    . . .     Gourm    .   (no shield)
rNeg     + . .     Faith    .   b - +0 robe
rPois    ∞         Spirit   .   (no helmet)
rElec    +         Reflect  .   (no cloak)
rCorr    .         Harm     .   (no gloves)
MR       .....                  (no boots)
Stlth    ++........             (no amulet)
HPRegen  0.07/turn              (no ring)
MPRegen  0.08/turn              (no ring)

@: no status effects
A: negative energy resistance 1, electricity resistance, unbreathing,
petrification resistance, rot immunity, AC +3
a: no special abilities


You were on level 1 of the Dungeon.
You were not hungry.

You visited 1 branch of the dungeon, and saw 1 of its levels.

You collected 64 gold pieces.

Inventory:

Hand Weapons
 a - a +0 mace (weapon)
Armour
 b - a +0 robe (worn)
Scrolls
 d - 2 scrolls of teleportation {unknown}
 e - a scroll of immolation {unknown}
 f - 2 scrolls of identify {unknown}
 g - a scroll of random uselessness {unknown}
Comestibles
 c - a ration
 h - 4 chunks of flesh


   Skills:
 + Level 3.5 Fighting
 * Level 3.4 Maces & Flails
 + Level 1.0 Armour
 + Level 2.6 Dodging
 - Level 2.1 Stealth


You had 2 spell levels left.
You didn't know any spells.
Your spell library was empty.

Dungeon Overview and Level Annotations

Branches:
Dungeon (1/15)

Altars:
Ashenzari


Innate Abilities, Weirdness & Mutations

You are resistant to torment.
Your stone body is resilient. (AC +3)
You are immune to poison.
You resist negative energy. (rN+)
You are resistant to electric shocks. (rElec)
You can survive without breathing.
You are immune to petrification.
You are immune to rotting.


Message History

You are too injured to fight recklessly!
You are too injured to fight recklessly!
You barely miss the leopard gecko.
The leopard gecko bites you but does no damage.
The kobold misses you.
You closely miss the kobold.
The leopard gecko bites you but does no damage.
The kobold hits you with a +0 short sword.
* * * LOW HITPOINT WARNING * * *
The leopard gecko barely misses you.
Unknown command.
You aren't carrying any potions.
You closely miss the kobold. The leopard gecko misses you.
The kobold barely misses you.
You hit the kobold but do no damage. The leopard gecko closely misses you.
The kobold hits you but does no damage. The leopard gecko bites you.
* * * LOW HITPOINT WARNING * * *
You closely miss the leopard gecko.
The kobold hits you with a +0 short sword.
You die...

###.(...###...# ..........#._.+
####....###...##
####).###.#####.### #
....###....#.#....####.#
####......##.##........# #
#......#...#......#### #
#.....##...##lK....#.. #.# #
#.....#.....#@.....#.# #.# #
#.....#.....#......#.# #.# #
#.##.........(#....#.# #.#
#.........#####..#.#.####.#
##################....#†..##.#
......................[.....>####
############..........###........
#.######........)..... #.#
#..#'##########


You could see a leopard gecko and a kobold.

Vanquished Creatures
  2 dart slugs (D:1)
  3 bats (D:1)
  A giant cockroach (D:1)
  2 goblins (D:1)
  3 hobgoblins (D:1)
  2 jackals (D:1)
  4 kobolds (D:1)
  3 rats (D:1)
20 creatures vanquished.

Notes
Turn   | Place    | Note
-------+----------+-------------------------------------------
     0 | D:1      | Borgoz the Gargoyle Monk began the quest for the Orb.
     0 | D:1      | Reached XP level 1. HP: 14/14 MP: 1/1
   213 | D:1      | Reached XP level 2. HP: 19/19 MP: 2/2
   567 | D:1      | Reached skill level 1 in Armour
   576 | D:1      | Found a shattered altar of Ashenzari.
   589 | D:1      | Reached XP level 3. HP: 13/23 MP: 3/3
   636 | D:1      | Slain by a kobold

Levels and vault maps discovered:
D:1:      tarquinn_simple_flora_water_b, layout_basic,
          nicolae_ashenzari_panopticon

Skill      XL: |  1  2 |
---------------+-------+-----
Armour         | 1 |  1.0
Fighting       | |  3.5
Maces & Flails | |  3.4
Dodging        | |  2.6
Stealth        | |  2.1

Action                   || total
-------------------------++-------
Melee: Mace              ||    67
Armor: Robe              ||    32
Dodge: Dodged            ||    56

Table legend:
 A = Non-vault XP
 B = Vault XP
 C = Vault XP percentage of total XP
 D = Non-vault monster count
 E = Vault monster count
 F = Vault count percentage of total count
                 A         B        C        D         E       F
            +---------+---------+-------+---------+---------+-------
      Total |      37 |       0 |   0.0 |      20 |       0 |   0.0
            +---------+---------+-------+---------+---------+-------
        D:1 |      37 |       0 |   0.0 |      20 |       0 |   0.0
            +---------+---------+-------+---------+---------+-------
